AoeStats
← Kanyaga

Arabia

508928596Analyzed
1v1 RM · 8d ago on Sep 24, 2026· 41m 19s· 2 players
Game mode
Random Map
Map size
Tiny (2 player)
Population
200
Speed
Normal
Resources
Standard
Victory
Conquest
Starting age
Dark Age
Ending age
Imperial Age
RankedLock teamsTeams togetherTeam positionsShared explorationLock speedFull tech treeHidden civsTurbo modeCheats
Victory
Defeat
🇹🇷 Persians · Türkiye
1517
+13
🇮🇳 Armenians · India
1457
-13
saksham
6:13 Loom
6:19 Loom
9:12 Feudal Age
9:19 Man-at-Arms
14:33 Arson
15:55 Town Watch
16:12 Long Swordsman
17:05 Scale Mail Armor
17:16 Fletching
18:26 Padded Archer Armor
18:51 Horse Collar
20:45 Forging
25:43 Castle Age
25:03 Pikeman
25:50 Two-Handed Swordsman
27:30 Chain Mail Armor
27:17 Squires
28:29 Gambesons
34:58 Iron Casting
36:54 Bodkin Arrow
Kanyaga
5:59 Loom
8:33 Feudal Age
11:50 Horse Collar
13:22 Double-Bit Axe
14:28 Padded Archer Armor
15:25 Fletching
20:05 Wheelbarrow
24:50 Castle Age
23:32 Gold Mining
24:20 Scale Barding Armor
24:26 Forging
25:17 Bloodlines
24:40 Elite Skirmisher
25:21 Bodkin Arrow
26:41 Leather Archer Armor
27:24 Ballistics
30:55 Thumb Ring
33:57 Husbandry
34:37 Gold Shaft Mining
33:55 Stone Mining
34:21 Heavy Plow
34:32 Bow Saw
34:12 Town Watch
35:05 Parthian Tactics
36:04 Hand Cart
36:04 Town Patrol
41:25 Imperial Age
39:13 Light Cavalry
40:14 Chain Barding Armor
40:30 Iron Casting
40:18 Arson
40:46 Masonry
41:32 Iron Casting
42:05 Conscription
Connection lost

Rejoining the realm…

Still unreachable

The connection could not be restored.

Session expired

The server has moved on; the page needs a fresh start.